 Dungeon Crawl Stone Soup version 0.32-a0-921-g04a7ad8e02 (webtiles) character file.

Game seed: 11298482124082252225

308752 Autsider the Executioner (level 22, -20/187 HPs)
             Began as a Formicid Fighter on Apr 11, 2024.
             Was the Champion of Qazlal.
             Killed from afar by a hellion (31 damage)
             ... with damnation
             ... summoned by a deep elf demonologist
             ... on level 3 of the Elven Halls.
             The game lasted 01:37:13 (31282 turns).

Autsider the Executioner (Formicid Fighter)        Turns: 31282, Time: 01:37:13

Health: -20/187    AC: 29    Str: 32    XL:     22   Next: 15%
Magic:  35/35      EV: 15    Int:  2    God:    Qazlal [******]
Gold:   3082       SH: 25    Dex: 13    Spells: 21/21 levels left

rFire   + + .        o - +6 executioner's axe "Tene" {flame, rElec Int-4 SInv Stlth+}
rCold   + + .        E - +4 kite shield of Submission {-Tele rC+ rCorr Stlth+}
rNeg    + . .        r - +1 plate armour {rN+}
rPois   +            (helmet unavailable)
rElec   +            v - +1 cloak of the Gloaming {rF+ rCorr}
rCorr   +            K - +1 pair of gloves of the Learner {rPois Regen+ Int+3}
SInv    +            g - +2 pair of boots {Fly}
Will    +++++        N - amulet "Daetes" {rElec rC+ Will+++ Regen+ Int-3} Stlth
                     B - +5 ring of evasion
HPRegen 2.11/turn    e - ring of protection from fire
MPRegen 0.24/turn

%: repel missiles
@: protected from physical damage, flying, studying Long Blades
A: permanent stasis, dig shafts and tunnels, antennae 3, four strong arms, dopey
1
}: 2/15 runes: barnacled, gossamer
a: Dig, Shaft Self, Renounce Religion, Upheaval, Elemental Force, Disaster Area


You were on level 3 of the Elven Halls.
You worshipped Qazlal.
Qazlal was exalted by your worship.
You visited 7 branches of the dungeon, and saw 34 of its levels.
You also visited: Trove, Ossuary, Gauntlet and Ice Cave.

You collected 4893 gold pieces.
You spent 1811 gold pieces at shops.

Inventory:

Hand Weapons
 o - the +6 executioner's axe "Tene" (weapon) {flame, rElec Int-4 SInv Stlth+}
   (You acquired it on level 2 of the Orcish Mines)

   Int-4:     It affects your intelligence (-4).
   rElec:     It insulates you from electricity.
   SInv:      It lets you see invisible.
   Stlth+:    It makes you more stealthy.
 Q - a +1 executioner's axe of freezing
Missiles
 V - 14 throwing nets (quivered)
Armour
 a - a +0 plate armour of fire resistance
 g - a +2 pair of boots of flying (worn)
 k - a +2 plate armour of willpower
 r - a +1 plate armour of positive energy (worn)
 v - the +1 cloak of the Gloaming (worn) {rF+ rCorr}
   (You found it in a treasure trove)

   rF+:       It protects you from fire.
   rCorr:     It protects you from acid and corrosion.
 x - the +2 shield of Resistance {rF++ rC++ Will++}
   (You acquired it on level 5 of the Lair of Beasts)

   rF++:      It greatly protects you from fire.
   rC++:      It greatly protects you from cold.
   Will++:    It greatly increases your willpower.
 C - a +3 ring mail of fire resistance
 E - the +4 kite shield of Submission (worn) {-Tele rC+ rCorr Stlth+}
   (You acquired it on level 10 of the Dungeon)

   rC+:       It protects you from cold.
   -Tele:     It prevents most forms of teleportation.
   rCorr:     It protects you from acid and corrosion.
   Stlth+:    It makes you more stealthy.
 H - a +4 scale mail of fire resistance
 K - the +1 pair of gloves of the Learner (worn) {rPois Regen+ Int+3}
   (You found it on level 10 of the Dungeon)

   Int+3:     It affects your intelligence (+3).
   rPois:     It protects you from poison.
   Regen+:    It increases your rate of health regeneration.
 S - a +2 cloak of preservation
Jewellery
 e - a ring of protection from fire (right hand)
 y - a ring of protection from cold
 B - a +5 ring of evasion (left hand)
 N - the amulet "Daetes" (around neck) {rElec rC+ Will+++ Regen+ Int-3}
   (You bought it in a shop on level 2 of the Orcish Mines)

   [amulet of regeneration]

   Int-3:     It affects your intelligence (-3).
   rC+:       It protects you from cold.
   rElec:     It insulates you from electricity.
   Will+++:   It greatly increases your willpower.
   Regen+:    It increases your rate of health regeneration.
 O - the amulet of Suspected Treachery {Acrobat rCorr Slay+3}
   (You found it in a Gauntlet)

   [amulet of the acrobat]

   Acrobat:   It increases your evasion while moving and waiting.
   Slay+3:    It affects your accuracy & damage with ranged weapons and melee
   (+3).
   rCorr:     It protects you from acid and corrosion.
 Z - a ring of positive energy
Wands
 n - a wand of mindburst (11)
 I - a wand of digging (6)
 J - a wand of paralysis (13)
 T - a wand of polymorph (23)
 U - a wand of iceblast (12)
 X - a wand of light (20)
Scrolls
 c - 5 scrolls of revelation
 h - 4 scrolls of immolation
 i - 4 scrolls of enchant weapon
 j - 7 scrolls of fog
 s - 7 scrolls of fear
 t - 4 scrolls of vulnerability
 u - 3 scrolls of torment
 z - 2 scrolls of brand weapon
 A - 2 scrolls of summoning
 G - 3 scrolls of enchant armour
 L - 4 scrolls of poison
 P - a scroll of silence
Potions
 b - 7 potions of ambrosia
 d - 9 potions of might
 f - a potion of cancellation
 l - 10 potions of curing {@q1}
 m - 6 potions of resistance
 p - 4 potions of lignification
 q - 5 potions of heal wounds {@q2}
 w - 3 potions of magic
 F - 4 potions of enlightenment
 M - 7 potions of brilliance
 Y - 3 potions of invisibility
Miscellaneous
 D - a lightning rod (4/4)
 R - a phantom mirror
 W - a Gell's gravitambourine (2/2)


   Skills:
 + Level 19.0 Fighting
 * Level 21.6 Axes
 - Level 15.0 Armour
 + Level 8.7 Dodging
 + Level 17.1 Shields
 + Level 18.8 Invocations
 - Level 5.0 Evocations


You had 21 spell levels left.
You didn't know any spells.
Your spell library contained the following spells:

 Spells                   Type           Power      Damage    Failure   Level
 Kiss of Death            Conj/Necr      0%         2d5       99%         1
 Magic Dart               Conj           0%         1d3       99%         1
 Necrotise                Necr           0%         1d4       99%         1
 Shock                    Conj/Air       0%         1d3       99%         1
 Slow                     Hex            0%         N/A       99%         1
 Sting                    Conj/Alch      0%         1d3       99%         1
 Call Imp                 Summ           0%         N/A       99%         2
 Cigotuvi's Dreadful Rot  Necr/Alch/Air  0%         N/A       99%         2
 Lesser Beckoning         Tloc           0%         N/A       99%         2
 Mercury Vapours          Alch/Air       0%         N/A       99%         2
 Momentum Strike          Conj/Tloc      0%         3d8       99%         2
 Call Canine Familiar     Summ           0%         N/A       100%        3
 Confusing Touch          Hex            0%         N/A       100%        3
 Inner Flame              Hex/Fire       0%         N/A       100%        3
 Stone Arrow              Conj/Erth      0%         3d7       100%        3
 Teleport Other           Tloc           0%         N/A       100%        3
 Tukima's Dance           Hex            0%         N/A       100%        3
 Vampiric Draining        Necr           0%         2d6       100%        3
 Airstrike                Air            0%         2d(0-16)  100%        4
 Animate Armour           Summ/Erth      0%         N/A       100%        4
 Brom's Barrelling Bould  Conj/Erth      0%         2d3       100%        4
 Dispel Undead            Necr           0%         3d6       100%        4
 Flame Wave               Conj/Fire      0%         2d4       100%        4
 Martyr's Knell           Necr/Summ      0%         N/A       100%        4
 Olgreb's Toxic Radiance  Alch           0%         N/A       100%        4
 Passage of Golubria      Tloc           0%         N/A       100%        4
 Sticky Flame             Fire/Alch      0%         2d4       100%        4
 Curse of Agony           Necr           0%         N/A       100%        5
 Fireball                 Conj/Fire      0%         3d3       100%        5
 Iskenderun's Battlesphe  Conj           0%         2d6       100%        5
 Summon Mana Viper        Hex/Summ       0%         N/A       100%        5
 Yara's Violent Unravell  Hex/Alch       0%         3d3       100%        5
 Conjure Ball Lightning   Conj/Air       0%         3x3d6     100%        6
 Dispersal                Tloc           0%         N/A       100%        6
 Gell's Gavotte           Tloc           0%         2d(11-16) 100%        6
 Orb of Destruction       Conj           0%         9d5       100%        7
 Ozocubu's Refrigeration  Ice            0%         4d7       100%        7
 Spellforged Servitor     Conj/Summ      0%         N/A       100%        7
 Borgnjor's Revivificati  Necr           0%         N/A       100%        8
 Discord                  Hex            0%         N/A       100%        8
 Lehudib's Crystal Spear  Conj/Erth      0%         10d2      100%        8
 Summon Horrible Things   Summ           0%         N/A       100%        8
 Chain Lightning          Conj/Air       0%         N/A       100%        9
 Dragon's Call            Summ           0%         N/A       100%        9
 Fire Storm               Conj/Fire      0%         5d1       100%        9
 Shatter                  Erth           0%         3d5*      100%        9
 Blink                    Tloc           Unusable   N/A       N/A         2
 Swiftness                Air            Unusable   N/A       N/A         3

Dungeon Overview and Level Annotations

Branches:
Dungeon (15/15)            Temple (1/1) D:4            Lair (5/5) D:11
 Shoals (4/4) Lair:2       Spider (4/4) Lair:3        Slime (0/5) Lair:5
    Orc (2/2) D:9             Elf (3/3) Orc:2        Vaults (0/5) D:13
 Depths (0/4) D:15        Ossuary (visited)           IceCv (visited)
Gauntlet (visited)

Altars:
Ashenzari
Cheibriados
Dithmenos
Elyvilon
Fedhas
Gozag
Hepliaklqana
Kikubaaqudgha
Makhleb
Nemelex Xobeh
Okawaru
Qazlal
Ru
Sif Muna
Trog
Uskayaw
Vehumet
Wu Jian
Xom
Yredelemnul
Zin
The Shining One
Beogh

Shops:
D:4 (   Orc:2 *([:   Elf:1 (   Elf:3 *   Shoals:2 (

Annotations:
Elf:3 3 runed translucent doors


Innate Abilities, Weirdness & Mutations

You cannot be hasted, slowed, berserked, paralysed or teleported.
You can dig through walls and to a lower floor.
You have a pair of large antennae on your head. (SInv)
Your four strong arms can wield two-handed weapons with a shield.
You are dopey. (Int -2)


Message History

You feel protected from physical attacks.
* * * LOW HITPOINT WARNING * * *
You completely miss the deep elf sorcerer.
The deep elf sorcerer is severely wounded.
You hear a shout!
You block the deep elf sorcerer's attack. x2
You feel much better.
You hear a shout! x2
The deep elf sorcerer gestures at you while chanting.
The bolt of acid is repelled.
The deep elf demonologist gestures wildly while chanting.
You slice the deep elf sorcerer like a ripe choko!!!
You burn the deep elf sorcerer.
You kill the deep elf sorcerer!
Qazlal accepts your kill.
The deep elf knight casts a spell.
The deep elf knight seems to speed up.
You closely miss the Tzitzimitl.
You hear a shout!
The deep elf demonologist mumbles some strange words.
A deep elf demonologist comes into view.
It is wielding a +0 rapier.
The Tzitzimitl calls on the powers of darkness!
Your body is wracked with pain!
* * * LOW HITPOINT WARNING * * *
The deep elf elementalist convulses!
The deep elf demonologist convulses!
The deep elf knight convulses!
The deep elf demonologist convulses!
The deep elf elementalist gestures next to you while chanting.
The wall shatters!
The blast of rock fragments hits you!
* * * LOW HITPOINT WARNING * * *
The hellion gestures at you.
The sphere of damnation explodes!
The damnation engulfs you!!
* * * LOW HITPOINT WARNING * * *
The Tzitzimitl calls on the powers of darkness!
The deep elf elementalist convulses!
Your body is wracked with pain!
* * * LOW HITPOINT WARNING * * *
The deep elf demonologist convulses! x2
You hear a shout! x2
The hellion gestures at you.
The sphere of damnation explodes!
The damnation engulfs you!!
You die...

≈e≈ #### ≈24 { ≈.≈ {
#### #e# #..# #e#
#... { #1# { #... {
#)# { #... #.# #..#
#@# { ##.# ##.## #.#
#...## #.#
#..#..############.#
#.###..............#
## #############.)#
#....# #.###..
#....# #.###..
#....# #.##.##


You could see a Tzitzimitl (summoned), a deep elf elementalist (fast, repels
missiles), a deep elf demonologist, a hellwing (summoned) and a hellion
(summoned).

Vanquished Creatures
  Norris (Elf:2)
  Jorgrun (D:12)
  Rupert (D:12)
  Mlioglotl (Spider:3)
  Asterion (Spider:3)
  A sphinx (Shoals:4)
  A deep elf blademaster (Elf:2)
  2 krakens
  Frances (Shoals:1)
  Polyphemus (Shoals:2)
  Agnes (Elf:2)
  The ghost of Turgor the Bludgeoner, an adept MDFi of Gozag (Spider:1)
  3 deep elf sorcerers
  6 emperor scorpions
  A frost giant (IceCv)
  6 ghost moths
  A deep elf elementalist (Elf:3)
  An orc warlord (Orc:1)
  Louise (Spider:4)
  3 broodmothers
  4 deep elf demonologists
  Azrael (D:14)
  3 deep elf annihilators (Elf:2)
  4 minotaurs
  2 spark wasps
  Josephine (Lair:4)
  A merfolk javelineer (Shoals:4)
  7 merfolk impalers
  The ghost of Konar the Skirmisher, a journeyman CoHu of Hepliaklqana (Lair:2)
  5 entropy weavers
  An entropy weaver (shapeshifter) (D:14)
  5 vault guards (D:13)
  8 hydras
  An ice dragon (Lair:5)
  A rakshasa (D:15)
  3 jorogumos
  A radroach (Spider:4)
  An alligator snapping turtle (Shoals:2)
  3 ogre magi
  3 catoblepae
  6 centaur warriors
  28 dancing weapons
  3 merfolk avatars
  5 boulder beetles
  3 merfolk aquamancers
  13 death yaks
  10 two-headed ogres (D:15)
  12 satyrs
  Urug (D:12)
  A hell hog (Gauntlet)
  A tengu warrior (D:14)
  3 demonic crawlers
  2 orc high priests
  23 deep elf knights
  A fire crab (D:11)
  11 pharaoh ants
  5 skeletal warriors (D:14)
  7 skysharks
  16 orb spiders
  A swamp dragon (Lair:5)
  20 deep elf archers
  A sun moth (Spider:4)
  11 sea snakes
  2 arcanists
  A lindwurm (Lair:2)
  28 deep elf pyromancers
  29 harpies
  29 deep elf zephyrmancers
  5 steelbarb worms
  The ghost of casual the Grappler, a novice TrSh (D:10)
  7 thermic dynamos
  4 orc knights
  An obsidian bat (Orc:1)
  A necromancer (D:15)
  4 oklob plants
  9 ugly things
  15 fauns
  8 orc sorcerers
  16 manticores
  21 wolf spiders
  A cyclops (shapeshifter) (Elf:2)
  8 meliai
  9 merfolk sirens
  9 cyclopes
  13 elephants
  2 centaur zombies (D:15)
  2 moths of wrath
  A kobold blastminer (Orc:2)
  An ice statue (IceCv)
  9 black mambas
  4 water nymphs
  3 torpor snails
  A guardian serpent (Lair:5)
  A centaur skeleton (D:15)
  14 cane toads
  3 gargoyles
  16 rime drakes
  10 komodo dragons
  Jeremiah (D:7)
  2 tengu conjurers (D:15)
  44 merfolk
  7 polar bears
  9 trolls
  41 jumping spiders
  10 wind drakes
  Prince Ribbit (D:7)
  10 hornets
  23 tarantellas
  6 dream sheep
  23 blink frogs
  15 snapping turtles
  10 slime creatures
  20 culicivoras
  6 centaur simulacra
  5 wraiths
  11 water elementals
  4 air elementals
  62 yaks
  2 fire bats (Gauntlet)
  2 vampires
  16 wyverns
  A shadow (D:9)
  6 basilisks
  4 fire elementals
  8 wargs
  59 redbacks
  3 humans (D:13)
  8 steam dragons
  19 vampire mosquitoes
  4 acid dragons
  5 hell hounds
  23 water moccasins
  Duvessa (D:7)
  2 laughing skulls (D:14)
  2 ice beasts
  3 black bears
  22 orc warriors
  2 swamp drakes (Lair:5)
  17 wolves
  4 ogres
  A boggart (shapeshifter) (D:13)
  11 centaurs
  A phantom (D:7)
  A weeping skull (Ossuary)
  4 kobold brigands
  12 bullfrogs
  An earth elemental (Elf:3)
  2 elf zombies (Ossuary)
  3 gnoll sergeants
  A cane toad simulacrum (Gauntlet)
  5 scorpions
  7 wights
  Dowan (D:7)
  A burial acolyte (Ossuary)
  10 killer bees (D:9)
  3 howler monkeys
  6 electric eels
  11 orc priests
  4 hounds
  A sleepcap (D:6)
  Jessica (D:2)
  12 iguanas
  21 orc wizards
  A boggart skeleton (D:15)
  A hound zombie (Ossuary)
  2 mummies (Ossuary)
  8 gnolls
  A howler monkey zombie (Ossuary)
  11 adders
  3 river rats (Lair:2)
  A shadow imp (D:8)
  5 white imps
  3 dart slugs
  5 ribbon worms
  65 orcs
  9 endoplasms
  4 giant cockroaches (D:1)
  A goblin (D:3)
  3 hobgoblins
  9 jackals
  23 kobolds
  3 quokkas
  11 ball pythons
  A bat (D:3)
  5 frilled lizards
  A goblin zombie (D:6)
  A kobold zombie (Ossuary)
  10 rats
  A rat zombie (D:6)
  A spectral weapon (Spider:3)
  6 tentacles
1401 creatures vanquished.

Vanquished Creatures (collateral kills)
  A scorpion (D:6)
  5 kobolds (D:6)
6 creatures vanquished.

Vanquished Creatures (others)
  A harpy (Shoals:4)
  A cyclops (D:14)
  A culicivora (Spider:4)
  A kobold (D:10)
  6 tentacles
10 creatures vanquished.

Grand Total: 1417 creatures vanquished

Notes
Turn   | Place    | Note
-------+----------+-------------------------------------------
     0 | D:1      | Autsider the Formicid Fighter began the quest for the Orb.
     0 | D:1      | Reached XP level 1. HP: 18/18 MP: 1/1
    13 | D:1      | Reached XP level 2. HP: 21/24 MP: 2/2
   164 | D:1      | Reached XP level 3. HP: 30/30 MP: 3/3
   425 | D:1      | Reached skill level 3 in Axes
   730 | D:2      | Found a radiant altar of Vehumet.
   746 | D:2      | Reached XP level 4. HP: 34/37 MP: 4/4
   922 | D:2      | Noticed Jessica
   928 | D:2      | Killed Jessica
  1049 | D:2      | Reached XP level 5. HP: 43/43 MP: 5/5
  1219 | D:2      | Reached skill level 5 in Fighting
  1269 | D:2      | Reached skill level 4 in Axes
  1954 | D:3      | Reached XP level 6. HP: 32/51 MP: 4/6
  2248 | D:4      | Found Nofusydyliq's Antique Weapon Boutique.
  2288 | D:4      | Found a staircase to the Ecumenical Temple.
  2305 | Temple   | Entered the Ecumenical Temple
  2352 | Temple   | Became a worshipper of Qazlal Stormbringer
  2627 | D:4      | Reached skill level 5 in Axes
  2627 | D:4      | Reached XP level 7. HP: 52/58 MP: 7/7
  2975 | D:5      | Entered Level 5 of the Dungeon
  3814 | D:5      | Noticed a yak
  3815 | D:5      | Noticed a yak
  3815 | D:5      | Noticed a yak
  3825 | D:5      | Killed a yak
  3826 | D:5      | Reached skill level 6 in Axes
  3826 | D:5      | Reached XP level 8. HP: 45/67 MP: 4/8
  3832 | D:5      | Killed a yak
  3846 | D:5      | Killed a yak
  3847 | D:5      | Reached skill level 7 in Axes
  4031 | D:6      | Reached * piety under Qazlal
  4051 | D:6      | Found a sand-covered staircase.
  4064 | Ossuary  | Entered an ossuary
  4064 | Ossuary  | Found a huge runed translucent gate.
  4064 | Ossuary  | Found a huge runed translucent gate.
  4064 | Ossuary  | Found a huge runed translucent gate.
  4064 | Ossuary  | Found a huge runed translucent gate.
  4064 | Ossuary  | Found a huge runed translucent gate.
  4064 | Ossuary  | Found a huge runed translucent gate.
  4064 | Ossuary  | Found a huge runed translucent gate.
  4064 | Ossuary  | Found a huge runed translucent gate.
  4064 | Ossuary  | Found a huge runed translucent gate.
  4065 | Ossuary  | Found a huge runed translucent gate.
  4065 | Ossuary  | Found a huge runed translucent gate.
  4066 | Ossuary  | Found a huge runed translucent gate.
  4066 | Ossuary  | Found a huge runed translucent gate.
  4068 | Ossuary  | Found a huge runed translucent gate.
  4068 | Ossuary  | Found a huge runed translucent gate.
  4078 | Ossuary  | Found a huge runed translucent gate.
  4078 | Ossuary  | Found a huge runed translucent gate.
  4078 | Ossuary  | Found a huge runed translucent gate.
  4078 | Ossuary  | Found a huge runed translucent gate.
  4078 | Ossuary  | Found a huge runed translucent gate.
  4079 | Ossuary  | Found a huge runed translucent gate.
  4079 | Ossuary  | Found a huge runed translucent gate.
  4081 | Ossuary  | Found a huge runed translucent gate.
  4081 | Ossuary  | Found a huge runed translucent gate.
  4082 | Ossuary  | Found a huge runed translucent gate.
  4082 | Ossuary  | Found a huge runed translucent gate.
  4083 | Ossuary  | Found a huge runed translucent gate.
  4083 | Ossuary  | Found a huge runed translucent gate.
  4090 | Ossuary  | Found a huge runed translucent gate.
  4090 | Ossuary  | Found a huge runed translucent gate.
  4094 | Ossuary  | Found a huge runed translucent gate.
  4094 | Ossuary  | Found a huge runed translucent gate.
  4094 | Ossuary  | Found a huge runed translucent gate.
  4094 | Ossuary  | Found a huge runed translucent gate.
  4094 | Ossuary  | Found a huge runed translucent gate.
  4127 | Ossuary  | Reached XP level 9. HP: 61/75 MP: 7/9
  4267 | D:6      | Reached skill level 8 in Axes
  4900 | D:7      | Noticed Prince Ribbit
  4903 | D:7      | Killed Prince Ribbit
  4904 | D:7      | Reached skill level 10 in Fighting
  4904 | D:7      | Reached skill level 9 in Axes
  5066 | D:7      | Reached ** piety under Qazlal
  5067 | D:7      | Noticed Duvessa
  5069 | D:7      | Killed Duvessa
  5072 | D:7      | Noticed Dowan
  5080 | D:7      | Killed Dowan
  5081 | D:7      | Reached XP level 10. HP: 45/86 MP: 5/10
  5147 | D:7      | Noticed Jeremiah
  5161 | D:7      | Killed Jeremiah
  5432 | D:7      | Reached skill level 10 in Axes
  5500 | D:7      | Found a glowing silver altar of Zin.
  6139 | D:8      | Reached *** piety under Qazlal
  7165 | D:9      | Found a staircase to the Orcish Mines.
  7218 | D:9      | Reached skill level 1 in Invocations
  7327 | D:9      | Reached skill level 1 in Dodging
  7386 | D:10     | Entered Level 10 of the Dungeon
  7417 | D:10     | Reached skill level 11 in Axes
  7429 | D:10     | Reached XP level 11. HP: 73/95 MP: 8/12
  7436 | D:10     | Reached **** piety under Qazlal
  7437 | D:10     | Reached skill level 5 in Shields
  7795 | D:10     | Found a runed translucent gate.
  7981 | D:10     | Found a runed translucent gate.
  7981 | D:10     | Found a runed translucent gate.
  7984 | D:10     | Noticed casual's ghost (novice TrSh)
  7988 | D:10     | Found a roughly hewn altar of Beogh.
  8003 | D:10     | Killed casual's ghost
  8004 | D:10     | Reached skill level 5 in Armour
  8013 | D:10     | Identified the +1 pair of gloves of the Learner {rPois
                  | Regen+ Int+3}
  8211 | D:10     | Identified a scroll of acquirement
  8211 | D:10     | Acquired the +4 kite shield of Submission {-Tele rC+ rCorr
                  | Stlth+}
  8251 | D:11     | Noticed a manticore
  8260 | D:11     | Killed a manticore
  8379 | D:11     | Noticed a fire crab
  8397 | D:11     | Killed a fire crab
  8398 | D:11     | Reached skill level 5 in Invocations
  8533 | D:11     | Noticed a manticore
  8544 | D:11     | Killed a manticore
  8567 | D:11     | Found a staircase to the Lair.
  8925 | D:12     | Found a stormy altar of Qazlal.
  8948 | D:12     | Reached skill level 12 in Axes
  8952 | D:12     | Reached XP level 12. HP: 98/102 MP: 14/16
  8981 | D:12     | Noticed Jorgrun
  8995 | D:12     | Noticed a boulder beetle
  8996 | D:12     | Noticed Urug
  9003 | D:12     | Killed Jorgrun
  9007 | D:12     | Killed Urug
  9013 | D:12     | Killed a boulder beetle
  9139 | D:12     | Reached ***** piety under Qazlal
  9220 | D:12     | Reached skill level 13 in Axes
  9279 | D:12     | Found a gate leading to a gauntlet.
  9299 | Gauntlet | Entered a Gauntlet
  9299 | Gauntlet | Found a transporter.
  9300 | Gauntlet | Found a large runed translucent door.
  9301 | Gauntlet | Found a large runed translucent door.
  9302 | Gauntlet | Found a large runed translucent door.
  9302 | Gauntlet | Found a large runed translucent door.
  9302 | Gauntlet | Found a runed translucent door.
  9303 | Gauntlet | Found a large runed translucent door.
  9304 | Gauntlet | Found a large runed translucent door.
  9305 | Gauntlet | Found a large runed translucent door.
  9305 | Gauntlet | Found a large runed translucent door.
  9306 | Gauntlet | Found a runed translucent gate.
  9306 | Gauntlet | Found a runed translucent gate.
  9308 | Gauntlet | Found a transporter.
  9316 | Gauntlet | Found a runed translucent gate.
  9316 | Gauntlet | Found a runed translucent door.
  9317 | Gauntlet | Found a large runed translucent door.
  9317 | Gauntlet | Found a large runed translucent door.
  9317 | Gauntlet | Noticed a fire crab
  9318 | Gauntlet | Found a large runed translucent door.
  9319 | Gauntlet | Found a large runed translucent door.
  9323 | Gauntlet | Found a transporter.
  9328 | Gauntlet | Found a transporter.
  9343 | Gauntlet | Found a transporter.
  9362 | Gauntlet | Found a transporter.
  9370 | Gauntlet | Noticed a hell hog
  9374 | Gauntlet | Found a transporter.
  9384 | Gauntlet | Noticed a hell hog
  9386 | Gauntlet | Found a transporter.
  9392 | Gauntlet | Found a transporter.
  9407 | Gauntlet | Found a transporter.
  9415 | Gauntlet | Noticed a fire crab
  9419 | Gauntlet | Found a transporter.
  9425 | Gauntlet | Found a transporter.
  9462 | Gauntlet | Found a transporter.
  9464 | Gauntlet | Found a transporter.
  9491 | Gauntlet | Found a transporter.
  9491 | Gauntlet | Found a transporter.
  9507 | Gauntlet | Found a large runed translucent door.
  9507 | Gauntlet | Found a large runed translucent door.
  9508 | Gauntlet | Found a large runed translucent door.
  9509 | Gauntlet | Found a large runed translucent door.
  9511 | Gauntlet | Found a transporter.
  9591 | Gauntlet | Found a transporter.
  9887 | Gauntlet | Identified the amulet of Suspected Treachery {Acrobat rCorr
                  | Slay+3}
  9896 | Gauntlet | Killed a hell hog
  9940 | Gauntlet | Noticed a minotaur
  9953 | Gauntlet | Killed a minotaur
  9954 | Gauntlet | Reached skill level 10 in Invocations
 10207 | Lair:1   | Entered Level 1 of the Lair of Beasts
 10218 | Lair:1   | Reached XP level 13. HP: 105/108 MP: 20/20
 10223 | Lair:1   | Reached skill level 14 in Axes
 11090 | Lair:2   | Reached skill level 15 in Axes
 11268 | Lair:2   | Found a staircase to the Shoals.
 11413 | Lair:2   | Found a runed translucent door.
 11433 | Lair:2   | Reached ****** piety under Qazlal
 11535 | Lair:2   | Noticed Konar's ghost (journeyman CoHu)
 11676 | Lair:2   | Killed Konar's ghost
 11774 | Lair:2   | Reached skill level 16 in Axes
 11789 | Lair:2   | Reached XP level 14. HP: 115/115 MP: 23/23
 12276 | Lair:3   | Found a hole to the Spider Nest.
 12333 | Lair:3   | Reached skill level 5 in Dodging
 12839 | Lair:4   | Found a frozen archway.
 12851 | IceCv    | Entered an ice cave
 13011 | IceCv    | Noticed a frost giant
 13022 | IceCv    | Killed a frost giant
 13451 | Lair:4   | Noticed Josephine
 13462 | Lair:4   | Reached XP level 15. HP: 124/124 MP: 24/24
 13470 | Lair:4   | Killed Josephine
 14128 | Lair:5   | Entered Level 5 of the Lair of Beasts
 14175 | Lair:5   | Reached skill level 10 in Shields
 14184 | Lair:5   | Reached skill level 17 in Axes
 14222 | Lair:5   | Reached skill level 1 in Evocations
 14501 | Lair:5   | Found a staircase to the Slime Pits.
 15415 | Lair:5   | Reached XP level 16. HP: 122/133 MP: 25/25
 15417 | Lair:5   | Reached skill level 10 in Armour
 15624 | D:13     | Noticed Rupert
 15694 | D:12     | Killed Rupert
 15956 | D:13     | Reached skill level 5 in Evocations
 16071 | D:13     | Found a bloodstained altar of Trog.
 16181 | D:13     | Found a portal to a secret trove of treasure.
 16309 | D:13     | Found a gate to the Vaults.
 16433 | D:14     | Identified the +1 falchion "Letsabb" {vamp, rF++}
 16803 | D:14     | Reached skill level 15 in Fighting
 16939 | D:14     | Noticed Azrael
 17067 | D:14     | Killed Azrael
 17068 | D:14     | Reached skill level 18 in Axes
 17345 | D:15     | Entered Level 15 of the Dungeon
 17366 | D:15     | Reached XP level 17. HP: 142/142 MP: 27/27
 17434 | D:15     | Found a staircase to the Depths.
 17526 | D:15     | Identified the +3 spear "Azyc" {spect, rF+ rC- rCorr Int+3
                  | Dex+3}
 18211 | Orc:1    | Entered Level 1 of the Orcish Mines
 18224 | Orc:2    | Entered Level 2 of the Orcish Mines
 18730 | Orc:2    | Found Xisitup's Antique Weapon Boutique.
 18809 | Orc:2    | Found Juhigoco's General Store.
 18859 | Orc:2    | Found Hagocan's Antique Armour Boutique.
 18909 | Orc:2    | Found Gubur's Book Shoppe.
 18988 | Orc:2    | Found a staircase to the Elven Halls.
 19151 | Orc:2    | Bought the amulet "Daetes" {rElec rC+ Will+++ Regen+ Int-3}
                  | for 872 gold pieces
 19151 | Orc:2    | Bought a scroll of acquirement for 624 gold pieces
 19152 | Orc:2    | Acquired the +2 shield of Resistance {rF++ rC++ Will++}
 19152 | Orc:2    | Found the +2 shield of Resistance {rF++ rC++ Will++}
 19153 | Orc:2    | Acquired the +6 executioner's axe "Tene" {flame, rElec
                  | Int-4 SInv Stlth+}
 19211 | Orc:2    | Bought a faintly humming scale mail for 315 gold pieces
 19211 | Orc:2    | Identified the +2 scale mail of Tender Moments {Will++}
                  | (You bought it in a shop on level 2 of the Orcish Mines)
 19662 | Shoals:1 | Entered Level 1 of the Shoals
 19749 | Shoals:1 | Reached skill level 15 in Invocations
 19877 | Shoals:1 | Noticed Frances
 19888 | Shoals:1 | Killed Frances
 19903 | Shoals:1 | Reached XP level 18. HP: 147/151 MP: 29/29
 20733 | Shoals:2 | Noticed Polyphemus
 20787 | Shoals:2 | Killed Polyphemus
 20986 | Shoals:2 | Found Jehoolix's Antique Weapon Shoppe.
 20996 | Shoals:2 | Noticed a kraken
 21005 | Shoals:2 | Killed a kraken
 21611 | Shoals:3 | Reached skill level 19 in Axes
 22042 | Shoals:3 | Noticed a kraken
 22049 | Shoals:3 | Killed a kraken
 22191 | Shoals:4 | Entered Level 4 of the Shoals
 22355 | Shoals:4 | Reached XP level 19. HP: 52/159 MP: 31/31
 22743 | Shoals:4 | Got a barnacled rune of Zot
 22823 | Shoals:4 | Identified the +5 shortbow of the Pits of Slime {heavy,
                  | rElec rC+ Dex+2}
 23410 | D:13     | You paid a toll of a +8 demon blade to enter a treasure
                  | trove
 23411 | Trove    | Entered a treasure trove
 23436 | Trove    | Identified the +1 cloak of the Gloaming {rF+ rCorr}
 23442 | Trove    | Identified the +0 robe "Qofucike" {Str+6 Stlth+}
 23622 | Spider:1 | Entered Level 1 of the Spider Nest
 24050 | Spider:1 | Found a runed translucent gate.
 24051 | Spider:1 | Found a runed translucent gate.
 24052 | Spider:1 | Noticed Turgor's ghost (adept MDFi)
 24053 | Spider:1 | Found a runed translucent gate.
 24682 | Spider:1 | Killed Turgor's ghost
 24688 | Spider:1 | Gained mutation: You are dopey. (Int -2) [mutagenic glow]
 24697 | Spider:1 | Identified the +0 pair of gloves "Suapi" {rC- Str+2 Dex+5}
 24942 | Spider:2 | Reached skill level 15 in Shields
 24950 | Spider:2 | Reached XP level 20. HP: 168/170 MP: 3/32
 26250 | Spider:3 | Noticed Asterion
 26271 | Spider:3 | Killed Asterion
 26361 | Spider:3 | Noticed Mlioglotl
 26376 | Spider:3 | Killed Mlioglotl
 27100 | Spider:4 | Entered Level 4 of the Spider Nest
 27112 | Spider:4 | Reached skill level 15 in Armour
 27116 | Spider:4 | Reached skill level 20 in Axes
 27838 | Spider:4 | Noticed Louise
 27854 | Spider:4 | Killed Louise
 28030 | Spider:4 | Got a gossamer rune of Zot
 28562 | Elf:1    | Entered Level 1 of the Elven Halls
 28603 | Elf:1    | Reached XP level 21. HP: 158/177 MP: 32/34
 28882 | Elf:1    | Identified the +9 morningstar of Boaduych {venom, rC++}
 28914 | Elf:1    | Found a runed translucent door.
 29307 | Elf:1    | Found Eqaathat's Antique Weapon Shop.
 29480 | Elf:1    | Got the Compilation of Seven Elven Habits
 29783 | Elf:2    | Reached skill level 21 in Axes
 30081 | Elf:2    | Found a runed translucent gate.
 30082 | Elf:2    | Found a runed translucent gate.
 30082 | Elf:2    | Found a runed translucent gate.
 30140 | Elf:2    | Identified the blade talisman of Hide-and-Seek {rPois}
 30180 | Elf:2    | Identified the +1 quarterstaff of Jack {drain, *Slow +Blink
                  | rF+ rN++}
 30344 | Elf:2    | Noticed Norris
 30345 | Elf:2    | Noticed Agnes
 30356 | Elf:2    | Killed Agnes
 30400 | Elf:2    | Killed Norris
 30538 | Elf:2    | Reached XP level 22. HP: 156/186 MP: 32/35
 30827 | Elf:3    | Entered Level 3 of the Elven Halls
 30955 | Elf:3    | Found Metsaimi's General Store.
 30975 | Elf:3    | Found a runed translucent gate.
 30975 | Elf:3    | Found a runed translucent gate.
 30975 | Elf:3    | Found a runed translucent gate.
 31281 | Elf:3    | HP: 9/187 [???[a deep elf demonologist] (4)]
 31282 | Elf:3    | Killed from afar by a hellion

Illustrated notes

Levels and vault maps discovered:
D:1:      ncdulo_watergridlock, layout_loops_ring, hangedman_decor_opposing
D:2:      layout_loops_ring, basic_altar, serial_forest,
          infiniplex_forest_zigzag_1, infiniplex_forest_clump_tiny,
          infiniplex_forest_corner_2, infiniplex_forest_straight_3,
          infiniplex_forest_lined_room_3, infiniplex_forest_clump_double,
          infiniplex_forest_fountain, infiniplex_forest_end_1,
          minmay_fountain_box, minmay_pentomino_x4, uniq_jessica
D:3:      layout_rooms
D:4:      layout_loops_ring, minmay_temple_entry_sparse_star, serial_shops, shop
D:5:      layout_basic
D:6:      layout_basic, enter_ossuary_4, minmay_stone_trees_small
D:7:      layout_cave_pools, zin_treasury, nicolae_hexahallways, sword_in_stone,
          uniq_duvessa, uniq_prince_ribbit1, uniq_jeremiah
D:8:      layout_basic
D:9:      layout_basic, orc_0_dummy
D:10:     layout_long_grid, biasface_ghost_orc_armoury, serial_ice,
          serial_ice_m, serial_ice_i, serial_ice_c, serial_ice_a
D:11:     layout_loops_ring, minmay_lair_entry_lava
D:12:     layout_rooms, gauntlet_entry_generic, grunt_qazlal_sundering,
          uniq_urug, uniq_jorgrun
D:13:     layout_cave_pools, grunt_vaults_entry_fortified,
          nicolae_trove_entry_crystal, trog_butcher_becter, uniq_rupert
D:14:     layout_roguey, chequers_avenue,
          nicolae_concentric_dashed_squares_wild, minmay_alternating_orb,
          uniq_azrael
D:15:     grunt_enter_depths_magical_seal, layout_irregular_city,
          serial_park_tiny_pond
Temple:   mainiacjoe_temple_archimedes_tessellation
Lair:1:   layout_regular_city, eino_small_chamber_without_monster,
          beast_lair_carwin_6
Lair:2:   cheibrodos_lair_overgrown_chateau, layout_regular_city,
          elwin_shoals_entry_rooms, hellmonk_ghost_happy_afterlife,
          minmay_lair_oklob_items, pond
Lair:3:   layout_gridlike, spider_nest_entry_rubble,
          infiniplex_staircase_pool_2, serial_bayou_shore_a
Lair:4:   layout_regular_city, portal_ice_cave_rime, beast_lair_carwin_3,
          uniq_josephine
Lair:5:   hangedman_lair_tendril_chambers, layout_regular_city,
          guppyfry_lair_end_dragon, minmay_slime_entry_oklob_open,
          chequers_serial_rivers_micro_a
Shoals:1: layout_shoals, uniq_frances
Shoals:2: layout_shoals, serial_shops, shop,
          nicolae_shoals_lost_giant_amphitheater, nicolae_shoals_drake_roost,
          uniq_polyphemus
Shoals:3: layout_shoals
Shoals:4: shoals_end_hellmonk_lost_city
Spider:1: layout_chambers, gammafunk_ghost_tricky_traps
Spider:2: layout_spider_delve, drop_trap
Spider:3: layout_chambers, uniq_asterion, uniq_mlioglotl
Spider:4: spider_rune_water, uniq_louise
Orc:1:    layout_caves
Orc:2:    grunt_orc_gardens, layout_caves, grunt_orc_garden, grunt_orc_garden,
          grunt_orc_garden, grunt_orc_garden
Elf:1:    minmay_the_grid_triangle_9x9_recursive_3_mashed
          [minmay_the_grid_triangle_9x9_minimal,
          minmay_the_grid_triangle_9x9_intruding_spiral,
          minmay_the_grid_triangle_9x9_checkered,
          minmay_the_grid_triangle_9x9_prize_schism,
          minmay_the_grid_triangle_9x9_dagger,
          minmay_the_grid_triangle_9x9_swiss_cheese,
          minmay_the_grid_triangle_9x9_alien,
          minmay_the_grid_triangle_9x9_subtriangle,
          minmay_the_grid_triangle_9x9_corrupted_corridor],
          layout_loops_corners, serial_shops,
          nicolae_shop_competitors_out_of_business, hellmonk_elf_help
Elf:2:    nicolae_elf_blades_crystal_corner, layout_loops_ring, st_stairs_5,
          minivault_16, uniq_agnes, uniq_norris
Elf:3:    elf_hall_gauntlet_narrow, layout_rooms, serial_shops, shop,
          nicolae_elf_hall_of_bonks

Skill      XL: |  1  2  3  4  5  6  7  8  9 10 11 12 13 14 15 16 17 18 19 20 21 22 |
---------------+-------------------------------------------------------------------+-----
Fighting       | 4 5 6 7 8 10 12 13 14 15 16 17 18 19 | 19.0
Axes           | 3 4 5 6 7 9 11 12 13 16 17 18 19 20 21 | 21.6
Invocations    | 2 6 10 12 14 15 16 17 18 | 18.8
Dodging        | 1 4 6 7 8 |  8.7
Armour         | 6 8 9 11 12 13 14 15 | 15.0
Shields        | 6 9 10 12 13 15 16 17 | 17.1
Evocations     | 3 5 |  5.0

Action                     |  1- 3 |  4- 6 |  7- 9 | 10-12 | 13-15 | 16-18 | 19-21 | 22-24 || total
---------------------------+-------+-------+-------+-------+-------+-------+-------+-------++-------
  Melee: War axe           |    84 |   164 |   187 |   326 |   572 |   378 |       |       ||  1711
         Executioner's axe |       |       |       |       |       |   407 |   976 |    60 ||  1443
  Throw: Dart              |       |       |       |     1 |       |       |       |       ||     1
 Invoke: Upheaval          |       |       |       |       |       |     1 |     2 |       ||     3
         Disaster Area     |       |       |       |       |       |       |     1 |       ||     1
    Use: Scroll            |     1 |     1 |     9 |     7 |     8 |     6 |     1 |       ||    33
         Potion            |       |       |       |     1 |       |     1 |     7 |     1 ||    10
   Stab: Confused          |       |       |       |       |     1 |       |       |       ||     1
         Petrified         |       |       |       |       |       |     4 |       |       ||     4
 Armour: Scale mail        |    52 |       |    89 |   215 |   119 |       |       |       ||   475
         Chain mail        |     6 |   164 |    10 |       |       |       |       |       ||   180
         Plate armour      |       |       |       |       |   145 |   513 |   515 |    17 ||  1190
  Dodge: Dodged            |    33 |    44 |   101 |   243 |   225 |   361 |   336 |     5 ||  1348
         Repelled          |       |       |       |     9 |    19 |    40 |    77 |     4 ||   149
  Block: Buckler           |    25 |    40 |    64 |     6 |       |       |       |       ||   135
         Kite shield       |       |       |       |   459 |   670 |  1261 |  1238 |    38 ||  3666

Table legend: (Time is in decaauts)
 A = Elapsed time spent in this place.
 B = Non-inter-level travel time spent in this place.
 C = Inter-level travel time spent in this place.
 D = Time resting spent in this place.
 E = Time spent auto-exploring this place.
 F = Levels seen in this place.
 G = Mean time per level.
                   A        B        C        D        E       F      G
               +--------+--------+--------+--------+--------+-----+--------+
         Total |  31728 |  29253 |   2475 |   1042 |  20642 |  38 |  834.9 |
       Dungeon |  12553 |  11427 |   1126 |    387 |   8346 |  15 |  836.9 |
        Temple |     94 |      1 |     93 |      0 |      0 |   1 |   94.0 |
          Lair |   5113 |   4545 |    568 |    100 |   3305 |   5 | 1022.6 |
        Shoals |   3633 |   3482 |    151 |    269 |   2146 |   4 |  908.2 |
   Spider Nest |   4771 |   4522 |    249 |    169 |   3478 |   4 | 1192.8 |
  Orcish Mines |   1373 |   1189 |    184 |    117 |    845 |   2 |  686.5 |
   Elven Halls |   2674 |   2572 |    102 |      0 |   1804 |   3 |  891.3 |
         Trove |     76 |     76 |      0 |      0 |      0 |   1 |   76.0 |
       Ossuary |    207 |    207 |      0 |      0 |    110 |   1 |  207.0 |
      Ice Cave |    527 |    527 |      0 |      0 |    270 |   1 |  527.0 |
      Gauntlet |    703 |    703 |      0 |      0 |    338 |   1 |  703.0 |
               +--------+--------+--------+--------+--------+-----+--------+

Top non-repeatable levels by time:
  Lair:5: 1380 daAuts
  Lair:2: 1316 daAuts
Spider:1: 1305 daAuts
Spider:4: 1253 daAuts
Spider:3: 1161 daAuts
   Elf:1: 1147 daAuts
     D:8: 1145 daAuts
   Elf:2: 1079 daAuts
     D:7: 1068 daAuts
Spider:2: 1051 daAuts
     D:5: 1034 daAuts
    D:14: 1013 daAuts
Shoals:4: 964 daAuts
Shoals:1: 927 daAuts
    D:10: 913 daAuts
